 Dungeon Crawl Stone Soup version 0.30-a0-718-geaa24f58ff (webtiles) character file.

Game seed: 14782823186048285041

182 demibob the Slasher (level 5, -1/30 HPs)
             Began as a Tengu Reaver on Jan 26, 2023.
             Slain by an ufetubus (4 damage)
             ... summoned by Eustachio
             ... on level 4 of the Dungeon.
             The game lasted 00:05:07 (2630 turns).

demibob the Slasher (Tengu Reaver)                  Turns: 2630, Time: 00:05:08

Health: -1/30      AC:  3    Str: 12    XL:     5   Next: 62%
Magic:  9/9        EV: 14    Int: 13    God:
Gold:   198        SH:  0    Dex: 15    Spells: 7/8 levels left

rFire   . . .      SeeInvis .    a - +1 falchion
rCold   . . .      Faith    .    (no shield)
rNeg    . . .      Spirit   .    b - +0 leather armour
rPois   .          Reflect  .    (helmet restricted)
rElec   .          Harm     .    (no cloak)
rCorr   .          Rampage  .    (no gloves)
Will    .....                    (boots unavailable)
Stlth   +                        (no amulet)
HPRegen 0.25/turn                (no ring)
MPRegen 0.11/turn                (no ring)

@: flying quickly and evasively, quick
A: beak, talons 3, nimble flight
a: no special abilities


You were on level 4 of the Dungeon.
You visited 1 branch of the dungeon, and saw 4 of its levels.

You collected 198 gold pieces.


Innate Abilities, Weirdness & Mutations

You have a beak for a mouth.
You have claws for feet.
Your magical nature lets you fly swiftly and evasively.


   Skills:
 - Level 2.0 Fighting
 + Level 6.7 Long Blades
 - Level 2.1 Dodging
 - Level 2.0 Spellcasting
 - Level 4.0 Conjurations


You had 7 spell levels left.
You knew the following spells:

 Your Spells              Type           Power      Damage    Failure   Level
X - Kiss of Death         Conj/Necr      24%        2d7       14%         1

Your spell library contained the following spells:

 Spells                   Type           Power      Damage    Failure   Level
 Momentum Strike          Conj/Tloc      12%        3d8       22%         2
 Slow                     Hex            4%         N/A       32%         1
 Hailstorm                Conj/Ice       6%         3d4       38%         3
 Confusing Touch          Hex            1%         N/A       67%         3
 Vampiric Draining        Necr           1%         2d6       67%         3

Inventory:

Hand Weapons
 a - a +1 falchion (weapon)
Armour
 b - a +0 leather armour (worn)
Scrolls
 d - a scroll of enchant weapon
Potions
 e - a potion of curing {@q1}
 f - a potion of attraction {unknown}
 g - a potion of flight

Dungeon Overview and Level Annotations

Branches:
Dungeon (4/15)
 Temple: D:4-7

Altars:

Annotations:
D:4 Eustachio

........ .............
.............
.............#####+##
........ ...........#
........ .........+
'#######+# #.......#####
.......... #...5r.......
.......... #..J@@r......
.......... #..r5r.......
..†....... #...5...?....
##...##..##+#...........>
##...#####.......########
#........#.......#
#........#.......#
#........#.......#
###...##.#.......#####


You could see Eustachio, a crimson imp (summoned), 2 river rats, a shadow imp
(summoned), an ufetubus (summoned), an endoplasm and 2 rats.


Message History

You peck Eustachio, but do no damage.
Eustachio is severely wounded.
Eustachio hits you with a +1 falchion of freezing.
Eustachio freezes you.
* * * LOW HITPOINT WARNING * * *
The river rat bites you!
* * * LOW HITPOINT WARNING * * *
The rat bites you.
* * * LOW HITPOINT WARNING * * *
The shadow imp barely misses you. The ufetubus misses you.
The ufetubus barely misses you. The river rat barely misses you.
You closely miss Eustachio. Your kick misses Eustachio.
Eustachio is severely wounded.
The ufetubus misses you. x2; Eustachio closely misses you.
The rat bites you but does no damage. The river rat barely misses you.
The shadow imp barely misses you.
You closely miss Eustachio.
Eustachio is severely wounded.
The ufetubus barely misses you. x2; The river rat barely misses you.
Eustachio barely misses you. The endoplasm freezes you.
You are frozen.
* * * LOW HITPOINT WARNING * * *
The river rat barely misses you. The rat bites you but does no damage.
The shadow imp closely misses you. The ufetubus misses you.
The ufetubus closely misses you.
You closely miss Eustachio.
Eustachio is severely wounded.
The river rat misses you. The ufetubus hits you.
You die...

Skill      XL: |  1  2  3  4 |
---------------+-------------+-----
Long Blades    | 4 5 6 |  6.7
Fighting       | |  2.0
Dodging        | |  2.1
Spellcasting   | |  2.0
Conjurations   | |  4.0

Action                     |  1- 3 |  4- 6 || total
---------------------------+-------+-------++-------
  Melee: Falchion          |    96 |    65 ||   161
         Kick              |    19 |    17 ||    36
         Peck              |     7 |    11 ||    18
         Punch             |     1 |       ||     1
    Use: Scroll            |     8 |     6 ||    14
         Potion            |       |     3 ||     3
   Stab: Sleeping          |     1 |     1 ||     2
 Armour: Leather armour    |    23 |    11 ||    34
  Dodge: Dodged            |    77 |    67 ||   144

Levels and vault maps discovered:
D:1:      dpeg_arrival_oval, layout_basic, serial_bayou_pond_b,
          supply_closet_lemuel, amethyst_killhole
D:2:      layout_basic
D:3:      cheibrodos_old_hovel, layout_loops_ring, minmay_strange_pillars,
          uniq_robin
D:4:      layout_gridville, minmay_misc_feat_rugged, uniq_menkaure,
          uniq_eustachio, uniq_natasha

Notes
Turn   | Place    | Note
-------+----------+-------------------------------------------
     0 | D:1      | demibob the Tengu Reaver began the quest for the Orb.
     0 | D:1      | Reached XP level 1. HP: 12/12 MP: 4/4
    75 | D:1      | You fall into a shaft and drop 1 floor!
   106 | D:2      | Reached XP level 2. HP: 9/17 MP: 6/6
   171 | D:1      | Reached skill level 4 in Long Blades
   580 | D:1      | Reached XP level 3. HP: 21/21 MP: 7/7
  1267 | D:3      | Reached skill level 5 in Long Blades
  1362 | D:3      | Noticed Robin
  1370 | D:3      | Reached XP level 4. HP: 26/26 MP: 8/8
  1400 | D:3      | Killed Robin
  2170 | D:4      | Reached skill level 6 in Long Blades
  2210 | D:4      | Gained mutation: Your magical nature lets you fly swiftly
                  | and evasively. [Tengu growth]
  2210 | D:4      | Reached XP level 5. HP: 22/30 MP: 9/9
  2497 | D:4      | Noticed Natasha
  2503 | D:4      | Killed Natasha
  2607 | D:4      | Noticed Eustachio
  2629 | D:4      | HP: 3/30 [frozen (4)]
  2630 | D:4      | Slain by an ufetubus

Vanquished Creatures
  An iguana (D:4)
  Natasha (D:4)
  Robin (D:3)
  5 adders
  A white imp (D:3)
  A worm (D:2)
  2 dart slugs
  5 endoplasms
  4 giant cockroaches
  5 hobgoblins
  5 jackals
  A quokka (D:1)
  3 ball pythons
  3 bats
  5 frilled lizards
  11 goblins
  3 kobolds
  5 rats
62 creatures vanquished.

Vanquished Creatures (collateral kills)
  2 goblins (D:3)
  A hobgoblin (D:3)
3 creatures vanquished.

Vanquished Creatures (others)
  5 plants
5 creatures vanquished.

Grand Total: 70 creatures vanquished

Table legend: (Time is in decaauts)
 A = Elapsed time spent in this place.
 B = Non-inter-level travel time spent in this place.
 C = Inter-level travel time spent in this place.
 D = Time resting spent in this place.
 E = Time spent auto-exploring this place.
 F = Levels seen in this place.
 G = Mean time per level.
                   A        B        C        D        E       F      G
               +--------+--------+--------+--------+--------+-----+--------+
         Total |   2612 |   2510 |    102 |    172 |   1887 |   4 |  653.0 |
       Dungeon |   2612 |   2510 |    102 |    172 |   1887 |   4 |  653.0 |
               +--------+--------+--------+--------+--------+-----+--------+

Top non-repeatable levels by time:
     D:3: 919 daAuts
     D:1: 689 daAuts
     D:2: 559 daAuts
     D:4: 444 daAuts

Table legend:
 A = Non-vault XP
 B = Vault XP
 C = Vault XP percentage of total XP
 D = Non-vault monster count
 E = Vault monster count
 F = Vault count percentage of total count
                 A         B        C        D         E       F
            +---------+---------+-------+---------+---------+-------
      Total |     181 |      80 |  30.7 |      46 |      19 |  29.2
            +---------+---------+-------+---------+---------+-------
        D:1 |      24 |       8 |  25.0 |      15 |       5 |  25.0
        D:2 |      18 |       0 |   0.0 |       9 |       0 |   0.0
        D:3 |      61 |      39 |  39.0 |      12 |      13 |  52.0
        D:4 |      78 |      33 |  29.7 |      10 |       1 |   9.1
            +---------+---------+-------+---------+---------+-------
